 Dungeon Sprint DCSS version 0.30-a0-613-gdd512c7efb (webtiles) character file.

Game seed: 10066178509003325745

7009 mhtbhm the Brawler (level 10, -1/112 HPs)
             Began as a Troll Transmuter on Jan 8, 2023.
             Was an Initiate of Gozag.
             Slain by Frances
             ... wielding a +2 war axe of holy wrath
              (24 damage)
             ... in the Dungeon (Sprint III: "The Ten Rune Challenge").
             The game lasted 00:04:50 (1425 turns).

mhtbhm the Brawler (Troll Transmuter)               Turns: 1425, Time: 00:04:50

Health: -1/112     AC:  6    Str: 24    XL:     10   Next: 82%
Magic:  17/21      EV: 12    Int:  9    God:    Gozag
Gold:   6267       SH:  0    Dex: 10    Spells: 15/25 levels left

rFire   x . .      SeeInvis .      - Unarmed
rCold   + + +      Faith    .    (shield currently unavailable)
rNeg    . . .      Spirit   .    (body armour currently unavailable)
rPois   +          Reflect  .    (helmet currently unavailable)
rElec   .          Harm     .    (cloak currently unavailable)
rCorr   .          Rampage  .    (gloves unavailable)
Will    .....      NoTele   +    (boots unavailable)
Stlth   ++                       (no amulet)
HPRegen 1.18/turn                (no ring)
MPRegen 0.17/turn                (no ring)

@: ice-form, wereblooded, hasted, very quick
A: freezing attack, amphibious, boosted hp, large, unfitting armour, (claws 3),
regeneration 1, (shaggy fur 1), (tough skin 1)
a: End Transformation, Renounce Religion, Potion Petition, Call Merchant, Bribe
Branch


You were in the Dungeon.
You worshipped Gozag.
Gozag was greatly pleased with you.
You were a creature of crystalline ice.
You visited 1 branch You collected 6447 gold pieces.
You spent 180 gold pieces at shops.

Inventory:

Armour
 a - a +0 robe (melded)
 j - a +0 cloak (melded)
Wands
 p - a wand of flame (13)
Scrolls
 h - a scroll of blinking
 i - a scroll of identify {unknown}
 l - 2 scrolls of immolation {unknown}
 n - a scroll of poison {unknown}
 o - a scroll of amnesia {unknown}
Potions
 b - 2 potions of lignification
 c - 4 potions of curing
 d - 2 potions of heal wounds
 e - a potion of haste
 f - 2 potions of magic
 k - 3 potions of mutation {unknown}
 m - 4 potions of flight
Miscellaneous
 g - a phantom mirror (inert)


   Skills:
 + Level 4.5 Fighting
 + Level 7.3 Dodging
 + Level 2.0 Stealth
 + Level 16.7 Unarmed Combat
 + Level 8.2 Spellcasting
 + Level 8.9 Transmutations
 + Level 3.9 Ice Magic
 + Level 0.1 Poison Magic
 + Level 1.0 Evocations


You had 15 spell levels left.
You knew the following spells:

 Your Spells              Type           Power      Damage    Failure   Level
a - Beastly Appendage     Tmut           38%        N/A       1%          1
b - Wereblood             Tmut           19%        N/A       1%          2
c - Spider Form           Tmut/Pois      11%        N/A       9%          3
d - Ice Form              Ice/Tmut       15%        N/A       13%         4

Your spell library contained the following spells:

 Spells                   Type           Power      Damage    Failure   Level
 Blink                    Tloc           6%         N/A       26%         2
 Momentum Strike          Conj/Tloc      6%         3d8       26%         2
 Lesser Beckoning         Tloc           6%         N/A       47%         3


Dungeon Overview and Level Annotations

Branches:
Dungeon (1/1)

Altars:
Cheibriados
Dithmenos
Elyvilon
Fedhas
Gozag
Hepliaklqana
Kikubaaqudgha
Makhleb
Nemelex Xobeh
Okawaru
Qazlal
Ru
Sif Muna
Trog
Uskayaw
Vehumet
Wu Jian
Xom
Yredelemnul
Zin
The Shining One
Jiyva
Lugonu

Shops:
D !

Annotations:
D Donald, Frances


Innate Abilities, Weirdness & Mutations

You are a creature of crystalline ice.
You have a powerful freezing melee attack.
You are amphibious.
Your maximum health is increased.
Your armour is entirely melded.
You are incapable of wielding weapons or throwing items.
You are too large for most types of armour.
((You have claws for hands.))
Your natural rate of healing is unusually fast.
((You are covered in fur. (AC +1)))
((You have tough skin. (AC +1)))


Message History

Donald hits Frances with a +2 war axe of holy wrath.
Donald blocks your attack.
Donald is heavily wounded.
Donald blocks the rust devil's attack.
Donald blocks your attack.
Donald is heavily wounded.
Donald barely misses you.
Donald casts a spell.
Donald seems to speed up.
You punch Donald! You freeze Donald.
Donald is heavily wounded.
Donald blocks the rust devil's attack.
Donald blocks your attack.
Donald is heavily wounded.
Donald hits the rust devil with a +2 war axe of holy wrath!
The rust devil convulses!
The rust devil dies!
The rust devil disappears in a puff of smoke!
Frances hits you with a +2 war axe of holy wrath!
Donald mumbles some strange words.
Donald seems to speed up.
You hit Donald. You freeze Donald.
Donald is severely wounded.
Donald blocks your attack.
Donald is severely wounded.
Donald barely misses you.
Frances hits you with a +2 war axe of holy wrath!!
Frances hits Donald with a +2 war axe of holy wrath!
Donald hits Frances with a +2 war axe of holy wrath!!
Donald blocks your attack.
Donald is severely wounded.
Donald hits you with a +2 war axe of holy wrath!!
You hit Donald but do no damage.
Donald is severely wounded.
Donald closely misses Frances.
Donald hits you with a +2 war axe of holy wrath!!
* * * LOW HITPOINT WARNING * * *
Frances hits you with a +2 war axe of holy wrath!!
You die...
Your body crumbles into a pile of gold.

#'#####################
#....#.#.#.....#......+
##.#).#.##)###.#...^^.#
'##.#.#.##.#.)##^.....#
#...#..#..##..'....^.^#
▓▓▓▓▓▓▓▓▓▓▓▓▓▓#..^..^^#
........~~~...#.......#
≈≈≈≈≈≈≈≈≈≈♣♣P.'......^#
♣♣♣♣♣♣♣♣♣♣♣♣PP#@Y..^..#
♣♣♣##@###### @..
$$#...# $$#...# #####


You could see Frances, Donald (fast, strong, ally target, reflecting) and the
friendly Donald (summoned, wandering, fast, strong, corroded, drained,
reflecting).

Vanquished Creatures
  Erolcha (D)
  A deep elf pyromancer (D)
  2 orc sorcerers (D)
  2 cane toads (D)
  A rime drake (D)
  A komodo dragon (D)
  3 wandering mushrooms (D)
  2 tyrant leeches (D)
  5 blink frogs (D)
  A shadow (D)
  3 redbacks (D)
  A spatial vortex (D)
  An orc warrior (D)
  A swamp drake (D)
  5 two-headed ogres (D)
  A necrophage (D)
  A water elemental (D)
  Crazy Yiuf (D)
  A jelly (D)
  An orc priest (D)
  A wizard (D)
  Jessica (D)
  2 orc wizards (D)
  A necromancer (D)
  3 humans (D)
  A kobold demonologist (D)
  9 orcs (D)
  2 endoplasms (D)
  A rat (D)
56 creatures vanquished.

Vanquished Creatures (collateral kills)
  3 orcs (D)
3 creatures vanquished.

Vanquished Creatures (others)
  A plant (D)
1 creature vanquished.

Grand Total: 60 creatures vanquished

Notes
Turn   | Place    | Note
-------+----------+-------------------------------------------
     0 | D        | mhtbhm the Troll Transmuter began the quest for the Orb.
     0 | D        | Reached XP level 1. HP: 18/18 MP: 1/1
    55 | D        | Noticed Jessica
    58 | D        | Killed Jessica
    59 | D        | Reached skill level 5 in Unarmed Combat
    59 | D        | Reached XP level 2. HP: 19/26 MP: 0/3
    59 | D        | Reached XP level 3. HP: 24/32 MP: 0/4
   139 | D        | Learned a level 2 spell: Wereblood
   259 | D        | Noticed Crazy Yiuf
   265 | D        | Killed Crazy Yiuf
   266 | D        | Reached skill level 6 in Unarmed Combat
   266 | D        | Reached XP level 4. HP: 33/40 MP: 2/6
   314 | D        | Learned a level 3 spell: Spider Form
   337 | D        | Noticed a water elemental
   341 | D        | Killed a water elemental
   342 | D        | Reached skill level 7 in Unarmed Combat
   426 | D        | Noticed a shadow
   429 | D        | Killed a shadow
   430 | D        | Reached skill level 1 in Fighting
   430 | D        | Reached skill level 9 in Unarmed Combat
   430 | D        | Reached XP level 5. HP: 37/48 MP: 4/10
   430 | D        | Reached XP level 6. HP: 43/55 MP: 4/11
   437 | D        | Found a blossoming altar of Fedhas.
   437 | D        | Found a stormy altar of Qazlal.
   437 | D        | Noticed a spatial vortex
   439 | D        | Found a snail-covered altar of Cheibriados.
   439 | D        | Found a burning altar of Makhleb.
   439 | D        | Found a hazy altar of Hepliaklqana.
   439 | D        | Found a shimmering altar of Xom.
   439 | D        | Found an opulent altar of Gozag.
   439 | D        | Found a sparkling altar of Nemelex Xobeh.
   439 | D        | Found a corrupted altar of Lugonu.
   439 | D        | Found a viscous altar of Jiyva.
   447 | D        | Killed a spatial vortex
   448 | D        | Reached skill level 10 in Unarmed Combat
   453 | D        | Became a worshipper of Gozag Ym Sagoz the Greedy
   483 | D        | Learned a level 4 spell: Ice Form
   485 | D        | Found a shadowy altar of Dithmenos.
   489 | D        | Found a basalt altar of Yredelemnul.
   489 | D        | Found a sacrificial altar of Ru.
   493 | D        | Found a hide-covered altar of Uskayaw.
   493 | D        | Found an iron altar of Okawaru.
   494 | D        | Found a bloodstained altar of Trog.
   494 | D        | Found an ornate altar of the Wu Jian Council.
   494 | D        | Noticed a human
   494 | D        | Noticed a human
   498 | D        | Killed a human
   499 | D        | Reached skill level 5 in Spellcasting
   499 | D        | Reached skill level 5 in Transmutations
   499 | D        | Reached XP level 7. HP: 54/63 MP: 8/13
   502 | D        | Killed a human
   503 | D        | Reached skill level 5 in Dodging
   503 | D        | Reached skill level 11 in Unarmed Combat
   591 | D        | Found a radiant altar of Vehumet.
   591 | D        | Found a shimmering blue altar of Sif Muna.
   591 | D        | Found an ancient bone altar of Kikubaaqudgha.
   604 | D        | Found a glowing silver altar of Zin.
   605 | D        | Found a glowing golden altar of the Shining One.
   605 | D        | Found a white marble altar of Elyvilon.
   605 | D        | Noticed a deep elf pyromancer
   615 | D        | Noticed a fire elemental
   615 | D        | Killed a deep elf pyromancer
   616 | D        | Reached skill level 12 in Unarmed Combat
   616 | D        | Reached XP level 8. HP: 61/72 MP: 11/16
   731 | D        | Noticed a two-headed ogre
   737 | D        | Killed a two-headed ogre
   738 | D        | Reached skill level 1 in Stealth
   738 | D        | Reached skill level 1 in Ice Magic
   743 | D        | Noticed a two-headed ogre
   743 | D        | Noticed Erolcha
   748 | D        | Killed Erolcha
   749 | D        | Reached skill level 13 in Unarmed Combat
   749 | D        | Reached XP level 9. HP: 81/81 MP: 10/18
   754 | D        | Killed a two-headed ogre
   812 | D        | Reached skill level 14 in Unarmed Combat
   816 | D        | Noticed a wandering mushroom
   820 | D        | Noticed a wandering mushroom
   822 | D        | Noticed a wandering mushroom
   823 | D        | Killed a wandering mushroom
   831 | D        | Killed a wandering mushroom
   875 | D        | Noticed a cane toad
   875 | D        | Noticed a komodo dragon
   875 | D        | Noticed a cane toad
   878 | D        | Killed a cane toad
   880 | D        | Killed a cane toad
   881 | D        | Reached XP level 10. HP: 92/92 MP: 14/20
   885 | D        | Reached skill level 15 in Unarmed Combat
  1100 | D        | Reached skill level 16 in Unarmed Combat
  1256 | D        | Noticed an orc sorcerer
  1257 | D        | Noticed an orc sorcerer
  1265 | D        | Killed an orc sorcerer
  1266 | D        | Reached skill level 1 in Evocations
  1267 | D        | Killed an orc sorcerer
  1275 | D        | Found Guifizxici's Distillery.
  1375 | D        | Bought a potion of heal wounds for 60 gold pieces
  1375 | D        | Bought a potion of haste for 120 gold pieces
  1410 | D        | Noticed Donald
  1410 | D        | Noticed Frances
  1411 | D        | Noticed a rust devil
  1425 | D        | Slain by Frances

Illustrated notes

Levels and vault maps discovered:
D:        dungeon_sprint_mu [sprint_mu_entry_forest, sprint_mu_temple_rooms,
          sprint_mu_d1_spiders, sprint_mu_d2_genie, sprint_mu_d3_branching,
          sprint_mu_orc_legion, sprint_mu_elf_gauntlet, sprint_mu_hive_nellie,
          sprint_mu_lair_fedhas, sprint_mu_vaults_butterflies,
          sprint_mu_slime_circle, sprint_mu_swamp_cave, sprint_mu_snake_twists,
          sprint_mu_blade_basic, sprint_mu_crypt_fortress,
          sprint_mu_tomb_spiral, sprint_mu_vestibule_basic,
          sprint_mu_gehenna_hellfire, sprint_mu_dis_giant,
          sprint_mu_tartarus_statrot, sprint_mu_cocytus_islands, sprint_mu_zot1]

Skill      XL: |  1  2  3  4  5  6  7  8  9 10 |
---------------+-------------------------------+-----
Dodging        | 2 3 4 5 6 7 |  7.3
Unarmed Combat | 5 6 9 10 12 13 14 16 | 16.7
Transmutations | 2 4 5 6 7 8 |  8.9
Spellcasting   | 2 4 5 6 7 8 |  8.2
Fighting       | 1 2 3 4 |  4.5
Stealth        | 1 2 |  2.0
Ice Magic      | 1 2 3 |  3.9
Evocations     | 1 |  1.0
Poison Magic   | |  0.1

Action                   |  1- 3 |  4- 6 |  7- 9 | 10-12 || total
-------------------------+-------+-------+-------+-------++-------
Melee: Unarmed           |    15 |    21 |    53 |    58 ||   147
       Kick              |     5 |     8 |     1 |       ||    14
       Headbutt          |     2 |     5 |       |       ||     7
       Punch             |       |     1 |       |       ||     1
 Cast: Beastly Appendage |     3 |     4 |       |       ||     7
       Wereblood         |     2 |     2 |     6 |     3 ||    13
       Spider Form       |       |     1 |       |       ||     1
       Ice Form          |       |       |     5 |     3 ||     8
Evoke: Phantom mirror    |       |       |     1 |     2 ||     3
       Wand              |       |       |       |     2 ||     2
  Use: Potion            |       |     1 |       |     1 ||     2
 Stab: Sleeping          |       |       |     1 |       ||     1
       Distracted        |       |       |       |     1 ||     1
Armor: Robe              |     2 |     1 |     1 |       ||     4
       Skin              |       |       |     3 |     4 ||     7
Dodge: Dodged            |     2 |     4 |    27 |    13 ||    46

Table legend: (Time is in decaauts)
 A = Elapsed time spent in this place.
 B = Non-inter-level travel time spent in this place.
 C = Inter-level travel time spent in this place.
 D = Time resting spent in this place.
 E = Time spent auto-exploring this place.
 F = Levels seen in this place.
 G = Mean time per level.
                   A        B        C        D        E       F      G
               +--------+--------+--------+--------+--------+-----+--------+
         Total |   1397 |   1397 |      0 |    668 |      0 |   1 | 1397.0 |
       Dungeon |   1397 |   1397 |      0 |    668 |      0 |   1 | 1397.0 |
               +--------+--------+--------+--------+--------+-----+--------+

Top non-repeatable levels by time:
       D: 1397 daAuts
